 Dungeon Crawl Stone Soup version 0.29.1-15-g9cfb28693d (webtiles) character file.

Game seed: 7522259533379922836

4064 Ast3rio the Spear-Bearer (level 10, -1/88 HPs)
             Began as a Minotaur Berserker on Mar 28, 2023.
             Was a High Priest of Trog.
             Slain by an orc
             ... wielding a +0 halberd
              (7 damage)
             ... in a bailey.
             The game lasted 00:16:01 (8183 turns).

Ast3rio the Spear-Bearer (Minotaur Berserker)       Turns: 8183, Time: 00:16:03

Health: -1/88      AC:  8    Str: 27    XL:     10   Next: 5%
Magic:  9/9        EV: 12    Int:  4    God:    Trog [*****.]
Gold:   510        SH:  0    Dex:  9    Spells: 9/9 levels left

rFire   . . .      SeeInvis .   x - +2 spear (vamp)
rCold   . . .      Faith    .   (no shield)
rNeg    . . .      Spirit   .   L - +3 leather armour
rPois   .          Reflect  .   (helmet unavailable)
rElec   .          Harm     .   (no cloak)
rCorr   .          Rampage  .   w - +0 pair of gloves
Will    .....                   (no boots)
Stlth   +.........              (no amulet)
HPRegen 0.24/turn               (no ring)
MPRegen 0.11/turn               (no ring)

@: confused, ambrosia-drunk
A: horns 3, retaliatory headbutt, hooves 1, noise suppression
a: Renounce Religion, Berserk, Trog's Hand, Brothers in Arms


You were in a bailey.
You worshipped Trog.
Trog was extremely pleased with you.
You visited 2 branches of the dungeon, and saw 9 of its levels.
You also visited: Ossuary and Bailey.

You collected 510 gold pieces.

Inventory:

Hand Weapons
 a - a +0 spear
 v - a +0 flail of protection
 x - a +2 vampiric spear (weapon)
 C - a +2 battleaxe
 D - a +3 morningstar
 J - a +3 hand axe of freezing
 K - a +1 short sword of protection
Missiles
 h - 2 silver javelins (quivered)
 q - 2 throwing nets
Armour
 b - a +0 animal skin
 t - a +0 chain mail
 w - a +0 pair of gloves (worn)
 L - a +3 leather armour (worn)
Jewellery
 n - a +6 ring of strength
 o - an amulet of magic regeneration
 I - a +4 ring of protection
 M - a ring of willpower
 P - a ring of protection from cold
Wands
 H - a wand of roots (8)
Scrolls
 d - 7 scrolls of teleportation
 f - a scroll of identify
 i - 2 scrolls of immolation
 k - a scroll of blinking
 l - 7 scrolls of vulnerability
 m - a scroll of summoning
 r - 2 scrolls of enchant armour
 y - a scroll of magic mapping
 z - a scroll of fear
 F - a scroll of noise
 N - a scroll of fog {unknown}
 O - a scroll of enchant weapon {unknown}
Potions
 c - 2 potions of lignification
 e - 2 potions of cancellation
 g - a potion of mutation
 j - 6 potions of curing
 p - 2 potions of ambrosia
 s - 4 potions of might
 u - 2 potions of invisibility
 A - a potion of resistance
 E - 2 potions of brilliance
 G - a potion of attraction {unknown}


   Skills:
 + Level 8.1 Fighting
 + Level 11.4 Polearms
 + Level 0.2 Throwing
 + Level 10.0 Armour
 + Level 4.7 Dodging
 + Level 2.9 Stealth


You had 9 spell levels left.
You didn't know any spells.
Your spell library was empty.

Dungeon Overview and Level Annotations

Branches:
Dungeon (8/15)             Temple (1/1) D:7         Ossuary (visited)
 Bailey (1/1)
   Lair: D:8-11

Altars:
Ashenzari
Cheibriados
Dithmenos
Elyvilon
Gozag
Hepliaklqana
Kikubaaqudgha
Makhleb
Nemelex Xobeh
Okawaru
Ru
Sif Muna
Trog
Vehumet
Wu Jian
Xom
Yredelemnul
Zin
The Shining One

Shops:
D:6 ?

Annotations:
D:6 2 transporters


Innate Abilities, Weirdness & Mutations

You have a pair of large horns on your head.
You reflexively headbutt those who attack you in melee.
You have large cloven feet.
You passively dampen the noise of your surroundings.


Message History

The orc closely misses you. The orc misses you.
The orc hits you but does no damage. The orc misses you.
You barely miss the orc. Your kick misses the orc. You closely miss the orc.
You headbutt the orc.
You kill the orc!
Trog accepts your kill. The orc closely misses you.
The orc hits you but does no damage. x2
The centaur throws a javelin.
The javelin barely misses you. The orc closely misses you.
Things that are here:
a +0 halberd; a +0 chain mail; an orc corpse The centaur throws a javelin.
The javelin pierces through you but does no damage.
The centaur throws a javelin.
The javelin pierces through you.
* * * LOW HITPOINT WARNING * * *
The orc closely misses you.
The orc hits you from afar with a +0 halberd!
* * * LOW HITPOINT WARNING * * *
The orc closely misses you.
Things that are here:
a +0 halberd; a +0 chain mail; an orc corpse The centaur throws a javelin.
The javelin closely misses you. The orc barely misses you.
The orc hits you but does no damage. The centaur barely misses you.
Items here: ( ) [ †.
The centaur misses you.
The orc hits you from afar with a +0 halberd!
* * * LOW HITPOINT WARNING * * *
Things that are here:
a +0 halberd; a +0 scale mail The centaur barely misses you.
The orc closely misses you. x2
The centaur closely misses you.
Items here: ( ) [ †.
The orc barely misses you. The orc hits you but does no damage.
Things that are here:
a +0 halberd; a +0 chain mail; an orc corpse You are confused.
You feel invigorated. The orc closely misses you.
The orc hits you from afar with a +0 halberd!
You die...

≈.≈.≈≈...≈≈.≈.≈.#
≈.≈.≈.⌠∩⌠.≈.≈.≈.#
≈.≈.≈..∩..≈.≈.≈.#
≈.≈.≈.⌠∩⌠.≈.≈.≈.#
≈.≈.≈≈...≈≈.≈.≈.#
≈.≈≈.≈...≈.≈≈.≈.#
≈≈.≈.≈≈≈≈≈.≈.≈≈.#
.≈.≈≈.....≈≈.≈.##
.≈≈.≈≈≈.≈≈≈@≈≈.#
..≈≈..≈)≈))≈≈o.#
.⌠.≈≈≈...≈≈≈oo.#
#....≈≈≈≈≈co..##
#####...oo#####
#######


You could see a centaur and 6 orcs.

Vanquished Creatures
  Grinder (D:5)
  The ghost of 0gre the Chiller, an amateur GnIE (D:3)
  Sigmund (D:5)
  Eustachio (D:6)
  A steam dragon (D:6)
  A vampire mosquito (D:7)
  3 water moccasins
  An orc warrior (D:7)
  A sky beast (D:6)
  2 ogres (D:5)
  A centaur (Bailey)
  A phantom (D:4)
  Blork the orc (D:5)
  A gnoll sergeant (D:6)
  2 scorpions
  A bullfrog (D:6)
  5 water moccasin zombies
  8 wights
  6 killer bees (D:6)
  6 hounds
  A centaur zombie (D:4)
  2 jellies
  3 gnoll boudas
  2 orc priests
  Jessica (D:2)
  4 iguanas
  4 orc wizards
  A scorpion zombie (D:4)
  2 mummies (Ossuary)
  6 gnolls (D:7)
  4 adders
  5 shadow imps
  A white imp (D:5)
  4 ufetubi
  10 adder zombies
  An adder skeleton (D:4)
  3 worms
  21 orcs
  6 ball pythons
  5 endoplasms
  5 giant cockroaches
  4 gnoll zombies (Ossuary)
  7 goblins
  6 hobgoblins
  9 jackals (D:1)
  5 kobolds
  8 quokkas
  7 frilled lizards
  5 hobgoblin zombies (Ossuary)
  A jackal skeleton (D:4)
  2 kobold zombies (Ossuary)
  4 orc zombies (Ossuary)
  A quokka zombie (D:6)
  6 rats
  A rat zombie (D:6)
202 creatures vanquished.

Vanquished Creatures (others)
  An orc (Bailey)
  3 withered plants (D:4)
4 creatures vanquished.

Grand Total: 206 creatures vanquished

Notes
Turn   | Place    | Note
-------+----------+-------------------------------------------
     0 | D:1      | Ast3rio the Minotaur Berserker began the quest for the Orb.
     0 | D:1      | Reached XP level 1. HP: 19/19 MP: 0/0
    91 | D:1      | Found a faded altar of an unknown god.
   171 | D:1      | Reached XP level 2. HP: 23/27 MP: 1/1
   174 | D:1      | Reached skill level 4 in Polearms
   662 | D:1      | Reached XP level 3. HP: 33/33 MP: 2/2
   663 | D:1      | Reached ** piety under Trog
   947 | D:2      | Noticed Jessica
   950 | D:2      | Killed Jessica
  1139 | D:2      | Reached XP level 4. HP: 39/41 MP: 3/3
  1982 | D:3      | Found an iron altar of Okawaru.
  1999 | D:3      | Reached skill level 5 in Polearms
  2001 | D:3      | HP: 3/61 [orc priest/+0 mace (6)]
  2006 | D:3      | Reached XP level 5. HP: 2/47 MP: 4/4
  2303 | D:3      | Found a snail-covered altar of Cheibriados.
  2306 | D:3      | Found a runed translucent door.
  2322 | D:3      | Noticed 0gre's ghost (amateur GnIE)
  2346 | D:3      | Killed 0gre's ghost
  2347 | D:3      | Reached skill level 5 in Fighting
  2347 | D:3      | Reached skill level 6 in Polearms
  2347 | D:3      | Reached skill level 1 in Stealth
  2347 | D:3      | Reached XP level 6. HP: 7/56 MP: 5/5
  2832 | D:3      | Found a basalt altar of Yredelemnul.
  3331 | D:3      | Found an opulent altar of Gozag.
  3894 | D:4      | Reached XP level 7. HP: 54/61 MP: 6/6
  4026 | D:4      | Reached *** piety under Trog
  4030 | D:4      | Reached skill level 7 in Polearms
  4117 | D:4      | Found a shimmering blue altar of Sif Muna.
  4431 | D:5      | Entered Level 5 of the Dungeon
  4570 | D:5      | Noticed Grinder
  4582 | D:5      | Paralysed by Grinder for 3 turns
  4589 | D:5      | Killed Grinder
  4594 | D:5      | Reached skill level 8 in Polearms
  4594 | D:5      | Reached XP level 8. HP: 46/70 MP: 7/7
  4874 | D:5      | Noticed Sigmund
  4879 | D:5      | Killed Sigmund
  4880 | D:5      | Reached skill level 5 in Armour
  4966 | D:5      | Noticed Blork the orc
  4975 | D:5      | Killed Blork the orc
  5101 | D:5      | Reached skill level 9 in Polearms
  5585 | D:6      | HP: 3/71 [gnoll sergeant/+2 vampiric spear (5)]
  5867 | D:6      | Reached skill level 10 in Polearms
  5867 | D:6      | Reached XP level 9. HP: 53/79 MP: 8/8
  5921 | D:6      | Found a shadowy altar of Dithmenos.
  6195 | D:6      | Found a sand-covered staircase.
  6205 | Ossuary  | Entered an ossuary
  6260 | Ossuary  | Reached **** piety under Trog
  6445 | Ossuary  | Gained mutation: You passively dampen the noise of your
                  | surroundings. [potion of mutation]
  6445 | Ossuary  | Gained mutation: You have a pair of large horns on your
                  | head. [potion of mutation]
  6445 | Ossuary  | Gained mutation: You have large cloven feet. [potion of
                  | mutation]
  6503 | D:6      | Found Ivilam's Magic Scroll Boutique.
  6505 | D:6      | Noticed Eustachio
  6518 | D:6      | Killed Eustachio
  6548 | D:6      | Found a transporter.
  6549 | D:6      | Noticed a kobold demonologist
  6569 | D:6      | Found a transporter.
  6700 | D:6      | Reached skill level 11 in Polearms
  7039 | D:7      | Reached ***** piety under Trog
  7753 | D:7      | Reached XP level 10. HP: 61/88 MP: 9/9
  7969 | D:7      | Found a staircase to the Ecumenical Temple.
  7975 | Temple   | Entered the Ecumenical Temple
  8104 | D:8      | Found a flagged portal.
  8127 | Bailey   | Entered a bailey
  8170 | Bailey   | Reached skill level 10 in Armour
  8180 | Bailey   | HP: 1/88 [orc/+0 halberd (9)]
  8183 | Bailey   | Slain by an orc

Illustrated notes

Levels and vault maps discovered:
D:1:      minmay_arrival_three_doors, layout_basic,
          hellmonk_ecumenical_altar_lost_god
D:2:      layout_loops_ring, amcnicky_mini_pool_small,
          chequers_decorated_corner, minivault_5, kennysheep_small_spiral,
          uniq_jessica
D:3:      layout_loops_ring, grunt_temple_overflow_open,
          nicolae_gozag_cash_rules_everything_around_me,
          mainiacjoe_overflow_alcove_2, hellmonk_ghost_happy_afterlife,
          gup_sewer_entry_pipe, reono_crystal_passage
D:4:      layout_loops_ring, amcnicky_altar_gilded, serial_undead,
          serial_undead_b, serial_undead_b, serial_undead_b, serial_undead_c,
          serial_undead_f, serial_undead_e, amcnicky_mini_corridor_feature
D:5:      layout_loops_ring, minmay_starry_boxes, uniq_grinder, uniq_sigmund,
          uniq_blork_the_orc
D:6:      gammafunk_wand_slinger, layout_rooms,
          grunt_dithmenos_smoke_and_mirrors, enter_ossuary_4, serial_shops,
          shop_scrolls, st_stairs_10, uniq_eustachio
D:7:      layout_rooms, minmay_temple_entry_fiery, minmay_small_thing
D:8:      minmay_the_grid_square_5x5_3x3 [minmay_the_grid_square_5x5_forky,
          minmay_the_grid_square_5x5_bracketed, minmay_the_grid_square_5x5_bite,
          minmay_the_grid_square_5x5_checkered,
          minmay_the_grid_square_5x5_megaprize_hollow,
          minmay_the_grid_square_5x5_three_walls,
          minmay_the_grid_square_5x5_inverted_slash,
          minmay_the_grid_square_5x5_eight_small,
          minmay_the_grid_square_5x5_inner_i], layout_loops_corners,
          enter_bailey_3, hangedman_abyss_or_decor_clamps,
          minmay_shattered_shrine
Temple:   eino_temple_water
Bailey:   bailey_polearm_flooded_kennysheep, bailey

Skill      XL: |  1  2  3  4  5  6  7  8  9 10 |
---------------+-------------------------------+-----
Fighting       | 4 5 6 7 8 |  8.1
Polearms       | 4 5 6 8 10 11 | 11.4
Dodging        | 3 4 |  4.7
Stealth        | 1 2 |  2.9
Armour         | 3 4 7 9 10 | 10.0
Throwing       | |  0.2

Action                   |  1- 3 |  4- 6 |  7- 9 | 10-12 || total
-------------------------+-------+-------+-------+-------++-------
Melee: Spear             |    66 |   194 |   460 |    33 ||   753
       Headbutt          |     9 |    20 |    95 |     2 ||   126
       Punch             |       |     3 |     3 |       ||     6
       Kick              |       |       |    30 |     3 ||    33
Throw: Javelin           |     2 |       |       |       ||     2
Invok: Berserk           |       |     1 |     4 |       ||     5
       Trog's Hand       |       |       |     1 |       ||     1
  Use: Scroll            |       |       |    11 |       ||    11
       Potion            |       |       |     8 |     5 ||    13
 Stab: Sleeping          |     1 |     1 |     2 |       ||     4
       Invisible         |       |       |     2 |       ||     2
Armor: Animal skin       |     5 |    11 |       |       ||    16
       Chain mail        |       |    18 |   181 |       ||   199
       Leather armour    |       |       |     8 |    24 ||    32
Dodge: Dodged            |    31 |    70 |   182 |    60 ||   343
